 Dungeon Crawl Stone Soup version 0.27.0-1-g7a089689b8 (webtiles) character file.

Game seed: 17576225629616421478

128 Demosthentine the Poker (level 5, -1/41 HPs)
             Began as a Merfolk Gladiator on Aug 1, 2021.
             Slain by Grinder (5 damage)
             ... while paralysed by Grinder
             ... on level 3 of the Dungeon.
             The game lasted 00:03:04 (2362 turns).

Demosthentine the Poker (Merfolk Gladiator)         Turns: 2362, Time: 00:03:05

Health: -1/41      AC:  6    Str: 15 (16) XL:     5   Next: 11%
Magic:  5/5        EV:  2    Int:  5 (7)  God:
Gold:   53         SH:  0    Dex: 12 (15) Spells: 4/4 levels left

rFire    . . .     SeeInvis .   a - +0 trident
rCold    . . .     Faith    .   (no shield)
rNeg     . . .     Spirit   .   b - +0 leather armour
rPois    .         Reflect  .   c - +1 helmet
rElec    .         Harm     .   (no cloak)
rCorr    .         Rampage  .   (no gloves)
Will     .....                  h - +0 pair of boots
Stlth    +.........             (no amulet)
HPRegen  0.13/turn              (no ring)
MPRegen  0.09/turn              (no ring)

@: paralysed
A: (nimble swimmer 2), mertail
a: no special abilities


You were on level 3 of the Dungeon.
You visited 1 branch of the dungeon, and saw 3 of its levels.

You collected 53 gold pieces.

Inventory:

Hand Weapons
 a - a +0 trident (weapon)
Missiles
 d - 2 throwing nets (quivered)
Armour
 b - a +0 leather armour (worn)
 c - a +1 helmet (worn)
 h - a +0 pair of boots (worn)
Jewellery
 l - a +4 ring of slaying
Wands
 e - a wand of flame (24)
Scrolls
 i - a scroll of enchant armour
Potions
 f - a potion of cancellation
 g - a potion of mutation


   Skills:
 + Level 3.4 Fighting
 + Level 5.5 Polearms
 - Level 2.0 Throwing
 + Level 1.4 Armour
 + Level 5.1 Dodging


You had 4 spell levels left.
You didn't know any spells.
Your spell library was empty.

Dungeon Overview and Level Annotations

Branches:
Dungeon (3/15)

Altars:

Annotations:
D:3 Grinder


Innate Abilities, Weirdness & Mutations

((You are quick and stealthy near water. (Stealth+, EV+, Speed+++)))
Your lower body shifts to a powerful aquatic tail in water.


Message History

* * * LOW HITPOINT WARNING * * *
It was a potion of heal wounds.
You feel much better. Grinder hits you.
You writhe in agony.
Unknown command.
You puncture Grinder!
Grinder is moderately wounded.
Grinder hits you but does no damage.
You hit Grinder.
Grinder is heavily wounded.
Grinder hits you!
You writhe in agony.
You hit Grinder but do no damage.
Grinder is heavily wounded.
Grinder misses you.
You puncture Grinder!
Grinder is heavily wounded.
Grinder blinks!
Unknown command.
Grinder blinks!
Throw: 3 throwing nets
Press: ? - help, Q - select action, (/) - cycle Shift-Dir - straight line, f - Grinder
Aim: Grinder (heavily wounded, 55% to hit)
You throw a throwing net. The throwing net barely misses Grinder.
Unknown command.
You closely miss Grinder.
Grinder is heavily wounded.
Grinder barely misses you.
You closely miss Grinder.
Grinder is heavily wounded.
Grinder gestures at you.
You suddenly lose the ability to move!
Grinder hits you.
You writhe in agony.
Grinder hits you!
* * * LOW HITPOINT WARNING * * *
You writhe in agony.
* * * LOW HITPOINT WARNING * * *
Grinder hits you.
* * * LOW HITPOINT WARNING * * *
Grinder hits you but does no damage. Grinder hits you.
You die...

#.# ###.### ####.#
#.# #.# #..... #.#
#.# #.##.# #.# #.##
#.##.# #.#
##..####.##..
#.######........####
#.#...>......#..#
#.....>..#......####
###@5........#.#.<..
#......<.#.#.#.###
#.......##.#.#.#
.####......ยง.#.# #.
#...(..###.# #.
##.).### #.. #.
#<..# ... #. #...#
#.# ...... ..#


You could see Grinder.

Vanquished Creatures
  Jessica (D:2)
  4 gnolls
  An adder (D:2)
  2 worms (D:2)
  A dart slug (D:1)
  8 endoplasms
  A giant cockroach (D:1)
  6 goblins
  4 hobgoblins
  3 jackals (D:2)
  A quokka (D:2)
  A ball python (D:2)
  3 bats
  3 frilled lizards
  7 kobolds
  3 rats (D:1)
49 creatures vanquished.

Vanquished Creatures (others)
  3 plants (D:3)
3 creatures vanquished.

Grand Total: 52 creatures vanquished

Notes
Turn   | Place    | Note
-------+----------+-------------------------------------------
     0 | D:1      | Demosthentine the Merfolk Gladiator began the quest for the
                  | Orb.
     0 | D:1      | Reached XP level 1. HP: 16/16 MP: 1/1
   305 | D:1      | Reached XP level 2. HP: 23/23 MP: 2/2
   631 | D:1      | Reached XP level 3. HP: 25/28 MP: 3/3
  1015 | D:2      | Reached skill level 5 in Polearms
  1023 | D:1      | Reached skill level 1 in Armour
  1206 | D:1      | Reached XP level 4. HP: 20/35 MP: 4/4
  1428 | D:2      | Noticed Jessica
  1434 | D:2      | Killed Jessica
  1623 | D:2      | Reached skill level 5 in Dodging
  1841 | D:2      | Reached XP level 5. HP: 41/41 MP: 5/5
  2105 | D:2      | Found a faded altar of an unknown god.
  2202 | D:3      | Noticed Grinder
  2209 | D:3      | Paralysed by Grinder for 4 turns
  2338 | D:3      | Paralysed by Grinder for 5 turns
  2357 | D:3      | Paralysed by Grinder for 7 turns
  2362 | D:3      | Slain by Grinder

Illustrated notes

Levels and vault maps discovered:
D:1:      sevenhm_arrival_forest_fort_large_1, layout_basic,
          hangedman_abyss_or_decor_stabs, minmay_octomino_c4
D:2:      layout_loops_ring, dreamdust_ecumenical_altar_hidden_monk_grotto,
          uniq_jessica
D:3:      layout_loops_cross, nicolae_hepliaklqana_hazy_memory, uniq_grinder,
          uniq_terence

Skill      XL: |  1  2  3  4 |
---------------+-------------+-----
Polearms       | 5 |  5.5
Armour         | 1 |  1.4
Fighting       | 3 |  3.4
Dodging        | 5 |  5.1
Throwing       | |  2.0

Action                   |  1- 3 |  4- 6 || total
-------------------------+-------+-------++-------
Melee: Trident           |    83 |    81 ||   164
Throw: Throwing net      |       |     1 ||     1
  Use: Scroll            |     4 |     1 ||     5
       Potion            |       |     3 ||     3
 Stab: Sleeping          |     2 |     1 ||     3
Armor: Leather armour    |    18 |    12 ||    30
Dodge: Dodged            |    37 |    42 ||    79
